 Dungeon Crawl Stone Soup version 0.25-a0-341-g6f074c887a (webtiles) character file.

Game seed: 478870923489776430, levelgen mode: deterministic

92 sankara the Poker (level 4, -3/37 HPs)
             Began as a Hill Orc Skald on Dec 30, 2019.
             Was an Initiate of Kikubaaqudgha.
             Killed by miscasting Regeneration (12 damage)
             ... on level 3 of the Dungeon.
             The game lasted 00:11:22 (2312 turns).

sankara the Poker (Hill Orc Skald)                  Turns: 2312, Time: 00:11:23

Health: -3/37      AC:  4    Str: 12 (13) XL:     4   Next: 60%
Magic:  0/6        EV: 11    Int: 11 (14) God:    Kikubaaqudgha [......]
Gold:   114        SH:  0    Dex:  9 (10) Spells: 0/6 levels left

rFire    . . .     SeeInvis .   a - +1 spear
rCold    . . .     Gourm    .   (no shield)
rNeg     . . .     Faith    .   b - +1 leather armour
rPois    .         Spirit   .   (no helmet)
rElec    .         Reflect  .   (no cloak)
rCorr    .         Harm     .   (no gloves)
MR       .....                  (no boots)
Stlth    +.........             (no amulet)
HPRegen  0.12/turn              (no ring)
MPRegen  0.10/turn              (no ring)

@: very slightly contaminated
A: no striking features
a: Renounce Religion


You were on level 3 of the Dungeon.
You worshipped Kikubaaqudgha.
Kikubaaqudgha was noncommittal.
You were not hungry.

You visited 1 branch of the dungeon, and saw 3 of its levels.

You collected 114 gold pieces.

Inventory:

Hand Weapons
 a - a +1 spear (weapon)
 p - a +0 dagger
   (You took it off a kobold on level 1 of the Dungeon)
Missiles
 h - 4 boomerangs
 q - 86 stones (quivered)
 r - 5 atropa-tipped darts
 t - 42 sling bullets
Armour
 b - a +1 leather armour (worn)
Scrolls
 c - 6 scrolls of identify
 g - a scroll of enchant armour
 i - a scroll of remove curse
Potions
 e - a potion of lignification {unknown}
 f - 2 potions of invisibility {unknown}
 k - 2 potions of heal wounds
Comestibles
 d - 4 rations
 j - 3 chunks of flesh {@w0}


   Skills:
 - Level 2.4 Fighting
 * Level 4.4 Polearms
 - Level 1.1 Armour
 - Level 1.5 Dodging
 - Level 1.5 Spellcasting
 + Level 3.4 Charms
 + Level 0.1 Necromancy


You couldn't memorise any spells.
You knew the following spells:

 Your Spells              Type           Power        Failure   Level  Hunger
a - Infusion              Chrm           #...         10%         1    ##.....
b - Shroud of Golubria    Chrm/Tloc      #.....       28%         2    ###....
e - Regeneration          Chrm/Necr      #.........   50%         3    ####...

Your spell library contained the following spells:

 Spells                   Type           Power        Failure   Level  Hunger
 Song of Slaying          Chrm           #.......     14%         2    ###....
 Spectral Weapon          Hex/Chrm       #.......     50%         3    ####...


Dungeon Overview and Level Annotations

Branches:
Dungeon (3/15)

Altars:
Fedhas
Kikubaaqudgha
Okawaru

Annotations:
D:2 Sigmund


Message History

Aim: a worm You reach to attack!
You hit the worm but do no damage. You hit the worm.
The worm is moderately wounded.
You barely miss the worm.
The worm is moderately wounded.
The worm bites you.
You barely miss the worm.
The worm is lightly wounded.
Your shroud begins to fray at the edges.
The hobgoblin misses you.
You hit the worm.
The worm is moderately wounded.
The hobgoblin barely misses you. The worm misses you.
You hit the worm but do no damage.
The worm is lightly wounded.
The hobgoblin barely misses you.
You hit the worm.
The worm is heavily wounded.
The worm bites you!
Your shroud bends the hobgoblin's attack away.
You hit the worm.
The worm is heavily wounded.
The hobgoblin hits you but does no damage.
You barely miss the worm.
The worm is heavily wounded.
The worm bites you!
Your shroud falls apart!
You barely miss the worm.
The worm is heavily wounded.
The hobgoblin barely misses you.
You hit the worm.
The worm is heavily wounded.
The hobgoblin hits you.
* * * LOW HITPOINT WARNING * * *
The worm bites you.
* * * LOW HITPOINT WARNING * * *
Okay, then.
Casting: Shroud of Golubria (safe; 28% risk of failure)
Confirm with . or Enter, or press ? or * to list all spells.
Space distorts slightly along a thin shroud covering your body.
The hobgoblin closely misses you. The worm bites you.
* * * LOW HITPOINT WARNING * * *
Really quaff
v - a potion of berserk rage {!q}?
A red film seems to cover your vision as you go berserk!
You feel yourself moving faster!
You feel mighty! The hobgoblin barely misses you.
You puncture the worm!
You kill the worm!
Kikubaaqudgha accepts your kill. The hobgoblin barely misses you.
You puncture the hobgoblin!
You kill the hobgoblin!
Kikubaaqudgha accepts your kill.
You see here a hobgoblin corpse.
You butcher the hobgoblin corpse.
You feel a strong urge to attack something.
j - 4 chunks of flesh {@w0} You see here a hobgoblin skeleton.
Eating one of 4 chunks of flesh {@w0}.
You eat one of the 4 chunks of flesh {@w0}.
This raw flesh tastes terrible.
You feel your anger nearly subside.
You are no longer berserk.
You are exhausted.
You feel yourself slow down.
Your shroud begins to fray at the edges.
Your shroud unravels.
A kobold comes into view. It is wielding a +0 club.
The kobold shouts!
Casting: Shroud of Golubria (safe; 28% risk of failure)
Confirm with . or Enter, or press ? or * to list all spells.
You miscast Regeneration.
You are very lightly contaminated with residual magic.
Nothing appears to happen.
The kobold misses you.
Casting: Regeneration (quite dangerous; 50% risk of failure)
Confirm with . or Enter, or press ? or * to list all spells.
Space distorts slightly along a thin shroud covering your body.
The kobold hits you with a +0 club.
* * * LOW HITPOINT WARNING * * *
You closely miss the kobold.
Your shroud bends the kobold's attack away.
You hit the kobold.
You kill the kobold!
Kikubaaqudgha accepts your kill.
You start resting.
Your shroud begins to fray at the edges.
You start resting.
You feel yourself speed up.
You start resting.
Your shroud unravels.
Casting: Shroud of Golubria (safe; 28% risk of failure)
Confirm with . or Enter, or press ? or * to list all spells.
You don't have enough magic to cast that spell.
You start resting.
You recover from your berserk rage.
Casting: Shroud of Golubria (safe; 28% risk of failure)
Confirm with . or Enter, or press ? or * to list all spells.
You miscast Regeneration.
Pain shoots through your body!
You die...
Kikubaaqudgha rasps: "You have failed me!
Welcome... death!"

...#.. ## #.##....
#.##.#. #.##..
###รท##.# ####...##.#
...........############
.####.##..............#
#### #.
#.#)@....###.#.###...
#.
#.######.##....##.... #
#K# #.#........... #.#
#.##.......... #.#
#.###...)##.>. #.# #.#
#.#####... #.######.#
#.# #... #
#.##...#.###.# ###.
#.##............# ###..


There were no monsters in sight!

Vanquished Creatures
  Terence (D:2)
  A worm (D:3)
  2 dart slugs (D:1)
  A leopard gecko (D:1)
  An orc (D:3)
  2 ball pythons (D:3)
  4 bats
  4 giant cockroaches
  7 goblins
  6 hobgoblins
  4 jackals (D:2)
  11 kobolds
  2 frilled lizards (D:1)
  6 rats
52 creatures vanquished.

Notes
Turn   | Place    | Note
-------+----------+-------------------------------------------
     0 | D:1      | sankara the Hill Orc Skald began the quest for the Orb.
     0 | D:1      | Reached XP level 1. HP: 18/18 MP: 3/3
   165 | D:1      | Reached XP level 2. HP: 22/25 MP: 4/4
   169 | D:1      | Learned a level 2 spell: Shroud of Golubria
   231 | D:1      | Reached skill level 3 in Polearms
   369 | D:1      | Reached skill level 3 in Charms
   529 | D:1      | Reached XP level 3. HP: 30/30 MP: 2/5
  1106 | D:2      | Noticed Terence
  1121 | D:2      | Killed Terence
  1121 | D:2      | Reached skill level 4 in Polearms
  1121 | D:2      | Reached XP level 4. HP: 20/37 MP: 1/6
  1649 | D:2      | Noticed Sigmund
  1692 | D:2      | HP: 5/37 [Sigmund/+0 scythe (7)]
  1695 | D:2      | HP: 2/37 [Sigmund/magic dart (3)]
  2050 | D:3      | Found an ancient bone altar of Kikubaaqudgha.
  2050 | D:3      | Found an iron altar of Okawaru.
  2050 | D:3      | Found a blossoming altar of Fedhas.
  2057 | D:3      | Became a worshipper of Kikubaaqudgha
  2133 | D:3      | Learned a level 3 spell: Regeneration
  2265 | D:3      | HP: 8/37 [worm (3)]
  2292 | D:3      | HP: 6/37 [kobold/+0 club (4)]
  2312 | D:3      | Killed by miscasting Regeneration

Levels and vault maps discovered:
D:1:      onia_arrival_pentagram, layout_basic
D:2:      layout_basic, uniq_terence, uniq_sigmund
D:3:      layout_loops_ring, gammafunk_temple_overflow_forgotten,
          minmay_crystal_water

Skill      XL: |  1  2  3 |
---------------+----------+-----
Polearms       | 3 4 |  4.4
Charms         | 3 |  3.4
Fighting       | |  2.4
Armour         | |  1.1
Dodging        | |  1.5
Spellcasting   | |  1.5
Necromancy     | |  0.1

Action                   |  1- 3 |  4- 6 || total
-------------------------+-------+-------++-------
Melee: Spear             |   135 |    82 ||   217
 Cast: Infusion          |     2 |       ||     2
       Shroud of Golubri |    12 |     9 ||    21
  Use: Scroll            |       |    10 ||    10
       Potion            |       |     7 ||     7
  Eat: Chunk             |     2 |     5 ||     7
Armor: Leather armour    |    22 |    18 ||    40
Dodge: Dodged            |    52 |    46 ||    98

Table legend:
 A = Non-vault XP
 B = Vault XP
 C = Vault XP percentage of total XP
 D = Non-vault monster count
 E = Vault monster count
 F = Vault count percentage of total count
                 A         B        C        D         E       F
            +---------+---------+-------+---------+---------+-------
      Total |      96 |      36 |  27.3 |      51 |       1 |   1.9
            +---------+---------+-------+---------+---------+-------
        D:1 |      53 |       0 |   0.0 |      29 |       0 |   0.0
        D:2 |      22 |      36 |  62.1 |      13 |       1 |   7.1
        D:3 |      21 |       0 |   0.0 |       9 |       0 |   0.0
            +---------+---------+-------+---------+---------+-------

Levels and vault maps discovered:
D:1:      onia_arrival_pentagram, layout_basic
D:2:      layout_basic, uniq_terence, uniq_sigmund
D:3:      layout_loops_ring, gammafunk_temple_overflow_forgotten,
          minmay_crystal_water

Table legend:
 A = Turns spent in this place as a percentage of turns spent in the entire game.
 B = Non-inter-level travel turns spent in this place as a percentage of non-inter-level travel turns spent in the entire game.
 C = Inter-level travel turns spent in this place as a percentage of turns spent in this place.
 D = Turns resting spent in this place as a percentage of non-inter-level travel turns spent in this place.
 E = Turns spent auto-exploring this place as a percentage of non-inter-level travel turns spent in this place.
 F = Non-inter-level travel turns spent in this place divided by the number of levels of this place that you've seen.
                   A       B       C       D       E      F
               +-------+-------+-------+-------+-------+----------------------
         Total | 100.0 | 100.0 |   2.4 |  38.2 |  34.3 | 752.0
       Dungeon | 100.0 | 100.0 |   2.4 |  38.2 |  34.3 | 752.0
               +-------+-------+-------+-------+-------+----------------------

Table legend:
 A = Kills in this place as a percentage of kills in entire the game.
 B = Kills by you in this place as a percentage of kills by you in the entire game.
 C = Kills by friends in this place as a percentage of kills by friends in the entire game.
 D = Other kills in this place as a percentage of other kills in the entire game.
 E = Experience gained in this place as a percentage of experience gained in the entire game.
 F = Experience gained in this place divided by the number of levels of this place that you have seen.
                   A       B       C       D       E      F
               +-------+-------+-------+-------+-------+----------------------
         Total | 100.0 | 100.0 |   N/A |   N/A | 100.0 |  44.0
       Dungeon | 100.0 | 100.0 |   N/A |   N/A | 100.0 |  44.0
               +-------+-------+-------+-------+-------+----------------------
